 Dungeon Crawl Stone Soup version 0.20.1-1-g8b1a95d (webtiles) character file.

100 Monsterracer the Covered (level 4, -6/42 HPs)
             Began as a Deep Dwarf Fighter on Oct 27, 2017.
             Mangled by empire's ghost (11 damage)
             ... on level 5 of the Dungeon.
             The game lasted 00:01:27 (730 turns).

Monsterracer the Covered (Deep Dwarf Fighter)        Turns: 730, Time: 00:01:28

Health: -6/42      AC: 11    Str: 25    XL:     4   Next: 46%
Magic:  3/3        EV:  6    Int:  9    God:
Gold:   90         SH: 10    Dex: 12    Spells: 3/3 levels left

rFire    . . .     SeeInvis .   a - +0 war axe
rCold    . . .     Gourm    .   c - +0 shield
rNeg     . . .     Faith    .   m - +0 chain mail
rPois    .         Spirit   .   i - +0 helmet
rElec    .         Reflect  .   (no cloak)
rCorr    .         Harm     .   (no gloves)
MR       .....                  b - +0 pair of boots (curse)
Stlth    ..........             (no amulet)
Regen    0.0/turn               (no ring)
MPRegen  0.1/turn               (no ring)

@: mighty, very slightly contaminated, non-regenerating
A: damage resistance, heal wounds, sense surroundings 1, no regeneration
a: Heal Wounds


You were on level 5 of the Dungeon.
You were not hungry.

You visited 1 branch of the dungeon, and saw 5 of its levels.

You collected 90 gold pieces.

Inventory:

Hand Weapons
 a - a +0 war axe (weapon)
Armour
 b - a cursed +0 pair of boots (worn)
 c - a +0 shield (worn)
 i - a +0 helmet (worn)
 m - a +0 chain mail (worn)
Scrolls
 e - a scroll of recharging
 n - a scroll of identify
Potions
 h - a potion of brilliance
 l - a potion of haste
Comestibles
 f - 3 bread rations
 j - 2 meat rations
 o - a royal jelly


   Skills:
 + Level 3.2 Fighting
 * Level 3.5 Axes
 + Level 3.8 Armour
 - Level 1.4 Dodging
 + Level 3.7 Shields


You had 3 spell levels left.
You didn't know any spells.

Dungeon Overview and Level Annotations

Branches:
Dungeon (5/15)
 Temple: D:4-7

Altars:

Annotations:
D:5 empire's ghost, novice MiFi


Innate Abilities, Weirdness & Mutations

You are resistant to damage.
You can heal yourself by infusing magical energy.
You passively map a small area around you.
You do not regenerate.


Message History

A worker ant comes into view.
The worker ant twitches its antennae in your direction.
Found a royal jelly.
There is a stone staircase leading down here.
The worker ant bites you but does no damage.
You block the worker ant's attack.
You hit the worker ant but do no damage.
The worker ant closely misses you.
You hit the worker ant but do no damage.
The worker ant barely misses you. You block the worker ant's attack.
You slash the worker ant!
The worker ant is heavily wounded.
The worker ant closely misses you. You block the worker ant's attack.
Your chain mail prevents you from hitting the worker ant.
The worker ant is heavily wounded.
The worker ant closely misses you.
You closely miss the worker ant.
The worker ant is heavily wounded.
The worker ant bites you but does no damage. x2
You barely miss the worker ant.
The worker ant is heavily wounded.
The worker ant bites you but does no damage.
You block the worker ant's attack.
You closely miss the worker ant.
The worker ant is heavily wounded.
The worker ant bites you but does no damage. x2
You barely miss the worker ant.
The worker ant is heavily wounded.
The worker ant bites you.
The worker ant bites you but does no damage.
You closely miss the worker ant.
The worker ant is heavily wounded.
The worker ant bites you but does no damage.
You slash the worker ant!
You kill the worker ant!
You see here a worker ant corpse.
No target in view!
No target in view!
o - a royal jelly
There is a stone staircase leading down here.
You climb downwards.
There is a stone staircase leading up here.
As you read the scroll labeled TOET BU TIVEU, it crumbles to dust.
It is a scroll of recharging.
You aren't carrying any rechargeable items.
As you read the scroll labeled DYJIYW SEOC NOURIE, it crumbles to dust.
You assume a fearsome visage.
Nothing appears to happen.
It was a scroll of fear.
Blink to where?
Press: ? - help, Dir - move target cursor You are very lightly contaminated with residual magic.
As you read the scroll labeled TIDWUK WELISS, it crumbles to dust.
It was a scroll of blinking.
As you read the scroll labeled SOFFAI LEB OGU, it crumbles to dust.
It is a scroll of identify.
h - a potion of brilliance
As you read the scroll of identify, it crumbles to dust.
l - a potion of haste Empire's ghost (novice Minotaur Fighter) comes into view.
Empire's ghost is nearby!
Empire's ghost says, "What do you have that I didn't have?"
There is a stone staircase leading up here.
You climb upwards.
There is a stone staircase leading down here.
Okay, then.
You feel much better.
You feel very mighty all of a sudden.
You climb downwards.
Level annotation: empire's ghost, novice MiFi Empire's ghost hits you!
You block empire's ghost's attack.
There is a stone staircase leading up here.
You slash empire's ghost!
Empire's ghost is moderately damaged.
You block empire's ghost's attack.
You slash empire's ghost!
Empire's ghost is heavily damaged.
Empire's ghost hits you!
You hit empire's ghost but do no damage.
Empire's ghost is heavily damaged.
Empire's ghost hits you but does no damage.
You block empire's ghost's attack.
You hit empire's ghost.
Empire's ghost is heavily damaged.
Empire's ghost hits you but does no damage.
You closely miss empire's ghost.
Empire's ghost is heavily damaged.
Empire's ghost hits you!
You closely miss empire's ghost.
Empire's ghost is heavily damaged.
You block empire's ghost's attack. x2
You are too injured to fight recklessly!
You closely miss empire's ghost.
Empire's ghost is heavily damaged.
Empire's ghost hits you!
* * * LOW HITPOINT WARNING * * *
You are too injured to fight recklessly!
You barely miss empire's ghost.
Empire's ghost is heavily damaged.
You block empire's ghost's attack. Empire's ghost hits you!
You die...

** ,, ..# *
#.# #.# #.#
** #.#
##.####.#
#.....W.#
##@.########
*
#...........
, ,
##..####.###
, ##.###.#.#
* #......#,
* *
#####...# >
* * *.## *
** * *** ..
, , * .#


You could see empire's ghost.

Vanquished Creatures
  An orc wizard (D:3)
  A worker ant (D:4)
  An adder (D:2)
  3 worms
  A dart slug (D:3)
  2 leopard geckos
  2 orcs (D:3)
  3 bats (D:2)
  4 goblins
  3 hobgoblins
  A quokka (D:2)
  A quokka skeleton (D:4)
  2 rats
25 creatures vanquished.

Notes
Turn   | Place    | Note
-------+----------+-------------------------------------------
     0 | D:1      | Monsterracer the Deep Dwarf Fighter began the quest for the Orb.
     0 | D:1      | Reached XP level 1. HP: 20/20 MP: 1/1
   207 | D:2      | Reached XP level 2. HP: 18/27 MP: 2/2
   425 | D:2      | Reached XP level 3. HP: 16/33 MP: 3/3
   443 | D:3      | Reached skill level 1 in Dodging
   475 | D:3      | Reached XP level 4. HP: 28/42 MP: 3/3
   701 | D:5      | Entered Level 5 of the Dungeon
   711 | D:5      | Noticed empire's ghost (novice MiFi)
   730 | D:5      | Mangled by empire's ghost

Skill      XL: |  1  2  3 |
---------------+----------+-----
Axes           | 3 |  3.5
Dodging        | 1 |  1.4
Fighting       | 3 |  3.2
Armour         | |  3.8
Shields        | |  3.7

Action                   |  1- 3 |  4- 6 || total
-------------------------+-------+-------++-------
Melee: War axe           |    86 |    29 ||   115
 Abil: Heal Wounds       |     2 |     1 ||     3
  Use: Scroll            |       |     5 ||     5
       Potion            |       |     1 ||     1
Armor: Scale mail        |    44 |       ||    44
       Chain mail        |       |    13 ||    13
Dodge: Dodged            |    30 |     5 ||    35
Block: Shield            |    52 |    13 ||    65

Vault maps used:
D:1:      mrwooster_arrival_statue_3, cheibriados_altar_1
D:2:      first_bread, makhleb_altar_promises_db
D:3:      chequers_ecumenical_altar_simple_redux, st_stairs_4
D:5:      nicolae_ashenzari_panopticon, hangedman_glass_teeth, uniq_ijyb
